Map: [ESL] Dragon Scales

Players

Spirit - Winner!

  • Race: Terran Terran

Has

  • Race: Protoss Protoss
  • League: Gold

Event: IEM Katowice 2023

VOD

Have the link to the VOD?

Description

Time

  • Played on: Feb. 8, 2023, 6:27 a.m.
  • Length: 10:01

All games in this series

Show
View Real Time Build Order
Export as new Build Order

Spirit Terran - Winner!

Build Orders:  

Get SALT Encoding   

  12  0:00  SCV  
  13  0:12  SCV  
  14  0:16  Supply Depot  
  14  0:24  SCV  
  15  0:38  SCV  
  15  0:40  Barracks  
  16  0:43  Refinery  
  16  0:50  SCV  
  17  1:02  SCV  
  18  1:14  SCV  
  19  1:26  Marine  
  19  1:27  Orbital Command  
  20  1:39  Command Center  
  20  1:53  Factory  
  20  1:54  SCV  
  21  2:04  Barracks Reactor  
  21  2:05  Supply Depot  
  21  2:09  SCV  
  21  2:13  Refinery  
  22  2:21  SCV  
  23  2:33  SCV  
  24  2:42  Starport  
  24  2:45  SCV, Hellion  
  24  2:47  Hellion  
  24  2:48  Marine  
  30  2:55  Orbital Command  
  30  2:58  SCV  
  31  3:06  Widow Mine  
  31  3:09  Widow Mine  
  35  3:15  SCV  
  35  3:18  Medivac  
  38  3:21  SCV  
  38  3:23  Supply Depot  
  39  3:28  SCV, Widow Mine  
  42  3:34  Armory  
  42  3:37  SCV  
  42  3:39  Barracks Tech Lab  
  42  3:41  SCV  
  44  3:46  Bunker  
  44  3:49  SCV  
  44  3:53  SCV  
  44  3:55  Medivac  
  48  3:57  Supply Depot  
  48  4:01  SCV  
  49  4:05  SCV  
  49  4:06  Marine x2  
  52  4:13  SCV, Cyclone  
  54  4:18  SCV  
  55  4:24  Marine x2  
  55  4:25  SCV  
  55  4:30  SCV  
  59  4:36  Viking  
  59  4:37  SCV  
  60  4:42  Marine x2  
  60  4:43  SCV  
  59  4:46  Supply Depot  
  59  4:48  Supply Depot  
  59  4:49  SCV  
  60  4:55  SCV  
  59  5:00  Marine x2  
  59  5:01  Engineering Bay, Barracks, SCV  
  59  5:02  Barracks  
  62  5:07  SCV, Cyclone  
  62  5:12  Refinery x2  
  64  5:14  Viking  
  64  5:17  Supply Depot  
  64  5:18  Marine, SCV  
  64  5:20  SCV  
  67  5:31  Barracks  
  67  5:33  Barracks, Missile Turret  
  67  5:37  Terran Infantry Weapons Level 1  
  67  5:39  Marine x2  
  67  5:42  Cyclone  
  72  5:44  Starport Tech Lab  
  72  5:47  SCV  
  72  5:48  SCV  
  75  5:51  Barracks Tech Lab x2  
  75  5:55  Supply Depot  
  74  5:57  Marine  
  74  5:58  Marine  
  74  5:59  SCV  
  74  6:04  SCV  
  77  6:10  Marine  
  77  6:11  Marine  
  76  6:14  Stimpack, Combat Shield  
  76  6:15  Marine  
  78  6:19  Marine, SCV  
  78  6:21  Barracks Tech Lab, Barracks Reactor  
  78  6:23  Starport Reactor  
  78  6:25  Missile Turret  
  80  6:28  Marine  
  80  6:30  Marine  
  82  6:34  Marine  
  82  6:37  Marine  
  76  6:42  Marine  
  76  6:46  Marine  
  70  6:48  Marine, Concussive Shells  
  70  6:49  Command Center  
  70  6:50  SCV  
  70  6:51  SCV  
  70  6:52  Marine, Factory Reactor  
  71  6:55  Marine  
  71  7:00  Marine, Medivac x2  
  71  7:01  Marine  
  77  7:02  SCV  
  77  7:04  Marine x2  
  77  7:06  Marauder  
  83  7:10  Marine  
  84  7:15  Supply Depot  
  84  7:16  Supply Depot  
  84  7:19  Marine, Marauder  
  84  7:20  Supply Depot  
  87  7:25  Marine  
  87  7:26  Marine, Marauder  
  87  7:27  Marauder  
  87  7:29  Supply Depot  
  93  7:37  Ghost Academy, Widow Mine, Supply Depot  
  93  7:42  Widow Mine  
  97  7:44  Medivac x2  
  97  7:47  Marine  
  102  7:53  Terran Infantry Armor Level 1  
  102  7:56  SCV x2  
  102  7:57  Marine  
  105  7:59  Marauder  
  107  8:07  Widow Mine x2  
  107  8:08  SCV  
  112  8:13  Marine, SCV  
  112  8:14  Medivac x2  
  112  8:15  Marine  
  112  8:19  Planetary Fortress  
  112  8:22  Marine  
  112  8:24  Marine  
  105  8:27  Marine  
  105  8:29  Widow Mine  
  105  8:30  Marine  
  106  8:36  Marine  
  106  8:37  Marine  
  106  8:39  Marine  
  106  8:40  Marine  
  99  8:42  Marine  
  99  8:44  Medivac  
  99  8:46  Marine  
  99  8:47  Marine  
  95  8:54  Marine  
  95  8:55  Marine  
  92  8:56  Marine  
  92  8:58  Marine  
  92  9:00  Marine  
  89  9:19  Ghost x2  
  89  9:22  Marine  
  87  9:25  Marine  
  87  9:26  Marine  
  87  9:27  Marine  
  87  9:30  Marine  
  89  9:39  Marine  
  89  9:43  Marine  
Show
View Real Time Build Order
Export as new Build Order

Has Protoss 

Build Orders: 1 Gate Expand, Phoenix Opening 

Get SALT Encoding   

  12  0:00  Probe  
  13  0:12  Probe  
  14  0:18  Pylon  
  14  0:24  Probe (Chrono Boost)  
  15  0:37  Gateway, Probe (Chrono Boost)  
  15  0:42  Assimilator  
  16  0:44  Probe (Chrono Boost)  
  17  0:54  Probe  
  18  1:06  Probe  
  19  1:18  Nexus  
  19  1:28  Cybernetics Core  
  19  1:30  Probe  
  20  1:37  Assimilator  
  20  1:43  Probe  
  21  1:50  Pylon  
  21  1:55  Probe  
  22  2:05  Warp Gate  
  22  2:07  Probe, Stalker (Chrono Boost)  
  25  2:19  Probe  
  25  2:30  Stargate  
  25  2:31  Probe x2 (Chrono Boost)  
  27  2:42  Probe x2 (Chrono Boost)  
  29  2:46  Adept  
  29  2:47  Probe x2 (Chrono Boost)  
  33  2:53  Shield Battery  
  33  2:57  Probe  
  34  2:59  Probe  
  34  3:03  Shield Battery  
  35  3:09  Probe  
  35  3:12  Phoenix (Chrono Boost)  
  36  3:15  Probe  
  36  3:19  Adept  
  41  3:25  Probe  
  42  3:27  Probe  
  42  3:28  Phoenix (Chrono Boost)  
  45  3:37  Probe  
  46  3:44  Gateway  
  46  3:47  Gateway  
  46  3:54  Pylon  
  46  4:10  Pylon  
  46  4:12  Probe, Phoenix  
  46  4:14  Nexus  
  49  4:19  Probe  
  50  4:24  Probe  
  47  4:32  Probe  
  47  4:36  Probe  
  47  4:37  Oracle (Chrono Boost)  
  52  4:43  Pylon  
  52  4:44  Probe  
  53  4:48  Probe  
  53  4:56  Probe  
  53  4:57  Twilight Council  
  46  5:00  Probe  
  47  5:08  Probe  
  47  5:13  Probe  
  49  5:20  Probe (Chrono Boost)  
  50  5:25  Probe (Chrono Boost)  
  50  5:27  Probe (Chrono Boost)  
  52  5:32  Gateway x2, Probe (Chrono Boost)  
  52  5:33  Gateway  
  52  5:34  Resonating Glaives (Chrono Boost)  
  54  5:36  Probe (Chrono Boost)  
  54  5:37  Probe (Chrono Boost)  
  54  5:39  Probe (Chrono Boost)  
  54  5:41  Probe (Chrono Boost), Adept  
  59  5:46  Adept x2  
  63  5:53  Probe x3  
  66  6:05  Probe x2  
  66  6:09  Adept  
  66  6:10  Adept x2  
  70  6:20  Pylon  
  70  6:21  Pylon  
  70  6:29  Adept  
  70  6:30  Adept x2  
  67  6:41  Probe x2  
  67  6:43  Probe  
  64  6:53  Probe x2, Adept x6  
  78  6:58  Probe  
  79  7:05  Probe, Phoenix (Chrono Boost)  
  82  7:09  Pylon  
  82  7:15  Pylon  
  82  7:20  Probe  
  82  7:21  Probe x2  
  85  7:27  Adept x2  
  85  7:28  Adept x4  
  85  7:29  Gateway  
  97  7:33  Forge  
  97  7:35  Gateway  
  97  7:36  Probe x2  
  99  7:37  Probe  
  100  7:48  Probe  
  100  7:49  Pylon  
  101  7:52  Adept x4  
  109  7:59  Pylon  
  109  8:01  Pylon  
  109  8:11  Adept x2  
  109  8:12  Adept x2  
  98  8:32  Adept x8  
  100  8:37  Probe x2  
  80  8:49  Probe x2  
  80  8:54  Adept  
  80  8:55  Adept x3  
  86  9:01  Probe x2  
  73  9:16  Adept x2  
  77  9:30  Adept  
  77  9:31  Adept x4  
  87  9:36  Adept  

Tags
 
Add a new tag
Caveats
  • Supply blocks, unpowered buildings, or Contaminate may cause inaccurate times.
  • Supply counts are checked every 10 seconds.